AoeStats
← DaffySpace6253

Nomad

510714364Analyzed
2v2 RM · 1d ago on Oct 2, 2026· 53m 36s· 4 players
Game mode
Random Map
Map size
176×176
Population
200
Speed
Normal
Resources
Standard
Victory
Conquest
Starting age
Dark Age
Ending age
Imperial Age
RankedLock teamsTeams togetherTeam positionsShared explorationLock speedFull tech treeHidden civsTurbo modeCheats
Victory
Defeat
🇦🇺 Celts · Australia
1048
+11
🇳🇿 Japanese · New Zealand
895
+17
🇮🇹 Bohemians · Italy
936
-14
🇮🇹 Teutons · Italy
935
-14
Robyht
3:01 Loom
14:46 Feudal Age
15:59 Town Watch
19:16 Castle Age
17:26 Fishing Lines
18:02 Horse Collar
19:00 Stone Mining
20:52 Gillnets
21:52 Wheelbarrow
20:52 Pikeman
24:00 Hand Cart
25:28 Scale Mail Armor
25:38 Forging
29:08 Forging
30:24 Medium Warships
31:16 Double-Bit Axe
37:51 Imperial Age
39:48 Chemistry
39:09 Ballistics
39:14 Squires
40:19 Conscription
40:18 Gold Mining
43:19 Crenellations
42:42 Cavalier
48:46 Fletching
DaffySpace6253
14:19 Feudal Age
14:50 Fishing Lines
19:44 Castle Age
18:51 Loom
19:47 Double-Bit Axe
21:32 Bow Saw
21:58 Gillnets
22:11 Town Watch
23:37 Medium Warships
23:50 Town Patrol
23:32 Pikeman
28:40 Wheelbarrow
32:06 Imperial Age
31:29 Chemistry
30:50 Ballistics
32:51 Forging
34:28 Hand Cart
36:02 Two-Man Saw
40:12 Elite Skirmisher
43:34 Halberdier
46:11 Man-at-Arms
52:04 Long Swordsman
52:58 Two-Handed Swordsman
Shearerofnews
5:36 Loom
16:24 Feudal Age
20:35 Castle Age
19:50 Scale Barding Armor
19:57 Forging
20:42 Bloodlines
25:24 Wheelbarrow
31:11 Hand Cart
31:35 Crossbowman
38:14 Fletching
39:23 Bodkin Arrow
39:29 Padded Archer Armor
45:38 Imperial Age
45:41 Thumb Ring
47:02 Arbalester
48:22 Stone Mining
Hot Footy
16:16 Feudal Age
17:32 Wheelbarrow
18:00 Loom
19:03 Double-Bit Axe
22:45 Castle Age
23:47 Hand Cart
24:01 Bow Saw
23:29 Pikeman
28:24 Horse Collar
28:55 Stone Mining
28:56 Gold Mining
35:13 Imperial Age
33:29 Scale Mail Armor
33:39 Forging
34:26 Heavy Plow
35:05 Gold Shaft Mining
35:06 Stone Shaft Mining
35:22 Elite Woad Raider
36:26 Conscription
37:57 Chain Mail Armor
38:18 Iron Casting
38:58 Chemistry
38:23 Ballistics
38:59 Arson
41:05 Onager
47:31 Plate Mail Armor
48:02 Blast Furnace
47:53 Caravan
48:43 Halberdier
51:29 Furor Celtica
Connection lost

Rejoining the realm…

Still unreachable

The connection could not be restored.

Session expired

The server has moved on; the page needs a fresh start.